 Dungeon Sprint DCSS version 0.20.1-1-g8b1a95d (webtiles) character file.

616 Lanoc the Basher (level 7, -9/79 HPs)
             Began as a Troll Monk on Nov 26, 2017.
             Was a Believer of Trog.
             Mangled by Sonja
             ... wielding a +0 dagger of distortion
              (12 damage)
             ... in the Dungeon (Sprint I: "Red Sonja").
             The game lasted 00:03:06 (375 turns).

Lanoc the Basher (Troll Monk)                        Turns: 375, Time: 00:03:07

Health: -9/79      AC:  5    Str: 22    XL:     7   Next: 21%
Magic:  6/6        EV: 13    Int:  6    God:    Trog [**....]
Gold:   312        SH:  0    Dex: 12    Spells: 6/6 levels left

rFire    . . .     SeeInvis .   h - +0 giant club
rCold    . . .     Gourm    +   (shield currently unavailable)
rNeg     . . .     Faith    .   b - +0 robe
rPois    .         Spirit   .   (helmet restricted)
rElec    .         Reflect  .   (no cloak)
rCorr    .         Harm     .   (gloves unavailable)
MR       .....     NoTele   +   (boots unavailable)
Stlth    ++........             (no amulet)
Regen    0.7/turn               (no ring)
MPRegen  0.1/turn               (no ring)

@: no status effects
A: unfitting armour, claws 3, fast metabolism 3, gourmand, regeneration 1,
shaggy fur 1, tough skin 2
a: Berserk, Trog's Hand, Burn Spellbooks, Renounce Religion


You were in the Dungeon.
You worshipped Trog.
Trog was pleased with you.
You were not hungry.

You visited 1 branch You collected 312 gold pieces.

Inventory:

Hand Weapons
 e - a +0 war axe
 h - a +0 giant club (weapon)
Armour
 b - a +0 robe (worn)
Scrolls
 i - a scroll of blinking
 j - a scroll of identify {unknown}
Potions
 d - a potion of curing
 f - a potion of haste
 g - 2 potions of magic
Comestibles
 a - 5 chunks of flesh
 c - 2 bread rations


   Skills:
 + Level 7.6 Fighting
 + Level 8.9 Maces & Flails
 + Level 7.4 Dodging
 + Level 2.7 Stealth


You had 6 spell levels left.
You didn't know any spells.

Dungeon Overview and Level Annotations

Branches:
Dungeon (1/1)

Altars:
Cheibriados
Dithmenos
Elyvilon
Fedhas
Gozag
Hepliaklqana
Kikubaaqudgha
Makhleb
Nemelex Xobeh
Okawaru
Qazlal
Ru
Sif Muna
Trog
Uskayaw
Vehumet
Xom
Yredelemnul
Zin
The Shining One
Jiyva
Lugonu

Shops:
D [

Annotations:
D Sonja


Innate Abilities, Weirdness & Mutations

You are too large for most types of armour.
You have claws for hands.
Your metabolism is lightning-fast.
You like to eat raw meat.
Your natural rate of healing is unusually fast.
You are covered in fur. (AC +1)
You have very tough skin. (AC +2)


Message History

Its appearance distorts for a moment.
Sonja hits you but does no damage.
You feel a strange sense of stasis. Sonja barely misses you. Sonja misses you.
You miss Sonja.
Sonja is almost dead.
Sonja mumbles some strange words.
Sonja looks slightly unstable.
You barely miss Sonja.
Sonja is almost dead.
Sonja misses you.
Sonja hits you with an uncursed dagger of distortion.
Space warps horribly around you!
* * * LOW HITPOINT WARNING * * *
Sonja hits you but does no damage. Space bends around you.
* * * LOW HITPOINT WARNING * * *
Sonja hits you but does no damage. Space bends around you.
* * * LOW HITPOINT WARNING * * *
Sonja hits you with an uncursed dagger of distortion.
* * * LOW HITPOINT WARNING * * *
Space warps horribly around you!
You die...

###################
#<.#.[)..#.)'..#__#
#..'..#..'..#..'^.+
#..#####'#####'#__#
#..####..#...#.####§
#..#__####..##.#≈≈§§
#..#_____##'#..+≈§§
#⌠⌠#_.∩...'..@_#≈≈§§
####_..__##_.#K# +##
#_____###'#.#
####### #.### $.$
$.$# ##.## #+#


You could see Sonja.

Vanquished Creatures
  A slime creature (D)
  Sigmund (D)
  A yak (D)
  An ogre (D)
  A jelly (D)
  Ijyb (D)
6 creatures vanquished.

Notes
Turn   | Place    | Note
-------+----------+-------------------------------------------
     0 | D        | Lanoc the Troll Monk began the quest for the Orb.
     0 | D        | Reached XP level 1. HP: 22/22 MP: 0/0
     2 | D        | Noticed Ijyb
    25 | D        | Killed Ijyb
    25 | D        | Reached skill level 3 in Maces & Flails
    25 | D        | Reached XP level 2. HP: 31/31 MP: 1/1
    27 | D        | Noticed an ogre
    32 | D        | Killed an ogre
    32 | D        | Reached skill level 5 in Maces & Flails
    32 | D        | Reached skill level 5 in Dodging
    32 | D        | Reached XP level 3. HP: 41/41 MP: 2/2
    32 | D        | Reached XP level 4. HP: 49/49 MP: 3/3
    45 | D        | Noticed Sigmund
    51 | D        | Killed Sigmund
    51 | D        | Reached skill level 7 in Maces & Flails
    51 | D        | Reached XP level 5. HP: 59/59 MP: 4/4
    51 | D        | Reached XP level 6. HP: 67/67 MP: 5/5
    67 | D        | Found a deep blue altar of Sif Muna.
    69 | D        | Found a radiant altar of Vehumet.
    82 | D        | Found a viscous altar of Jiyva.
    82 | D        | Found a corrupted altar of Lugonu.
    82 | D        | Noticed a slime creature
    83 | D        | Found a burning altar of Makhleb.
    83 | D        | Found a shimmering altar of Xom.
    93 | D        | Killed a slime creature
    93 | D        | Reached skill level 8 in Maces & Flails
   331 | D        | Found Xiumnely's Armour Emporium.
   331 | D        | Found an ancient bone altar of Kikubaaqudgha.
   331 | D        | Found a hazy altar of Hepliaklqana.
   331 | D        | Found a stormy altar of Qazlal.
   331 | D        | Found a hide-covered altar of Uskayaw.
   331 | D        | Found a blossoming altar of Fedhas.
   331 | D        | Found a bloodstained altar of Trog.
   331 | D        | Found an iron altar of Okawaru.
   331 | D        | Found a basalt altar of Yredelemnul.
   331 | D        | Found a glowing golden altar of the Shining One.
   331 | D        | Found a snail-covered altar of Cheibriados.
   331 | D        | Found a sacrificial altar of Ru.
   331 | D        | Found a glowing silver altar of Zin.
   331 | D        | Found a shadowy altar of Dithmenos.
   331 | D        | Found a white marble altar of Elyvilon.
   331 | D        | Noticed a yak
   335 | D        | Killed a yak
   335 | D        | Reached XP level 7. HP: 63/79 MP: 6/6
   336 | D        | Found an opulent altar of Gozag.
   339 | D        | Found a sparkling altar of Nemelex Xobeh.
   343 | D        | Became a worshipper of Trog the Wrathful
   343 | D        | Reached * piety under Trog
   343 | D        | Reached ** piety under Trog
   365 | D        | Noticed Sonja
   375 | D        | HP: 3/79 [Sonja/uncursed dagger of distortion (1)]
   375 | D        | Mangled by Sonja

Skill      XL: |  1  2  3  4  5  6 |
---------------+-------------------+-----
Fighting       | 3 4 6 7 |  7.6
Maces & Flails | 3 5 7 8 |  8.9
Dodging        | 3 5 6 7 |  7.4
Stealth        | 2 |  2.7

Action                   |  1- 3 |  4- 6 |  7- 9 || total
-------------------------+-------+-------+-------++-------
Melee: Mace              |    26 |       |       ||    26
       Giant club        |       |    18 |     6 ||    24
  Use: Potion            |     1 |     1 |       ||     2
 Stab: Sleeping          |       |     2 |       ||     2
  Eat: Chunk             |       |     4 |       ||     4
Armor: Robe              |    12 |     3 |     8 ||    23
Dodge: Dodged            |    12 |     7 |    11 ||    30
